 Dungeon Crawl Stone Soup version 0.19.5 (webtiles) character file.

2956 Reinor the Thaumaturge (level 9, -2/42 HPs)
             Began as a Spriggan Earth Elementalist on May 4, 2017.
             Was a Follower of Vehumet.
             Slain by a killer bee (6 damage)
             ... on level 7 of the Dungeon.
             The game lasted 00:39:00 (7969 turns).

Reinor the Thaumaturge (SpEE)                       Turns: 7969, Time: 00:39:01

Health: -2/42      AC:  3    Str:  4    XL:     9   Next: 52%
Magic:  9/23       EV: 23    Int: 20    God:    Vehumet [*.....]
Gold:   401        SH:  0    Dex: 16    Spells: 4 memorised, 16 levels left

rFire  . . .     SeeInvis +     A - +2 dagger (elec)
rCold  . . .     Gourm    .     c - +1 robe
rNeg   . . .     Faith    .     (shield restricted)
rPois  .         Spirit   .     (helmet restricted)
rElec  .         Reflect  .     (no cloak)
rCorr  .         Harm     .     (gloves unavailable)
MR     +....                    (boots unavailable)
Stlth  ++++......               (no amulet)
                                C - ring of stealth
                                o - +4 ring of slaying

@: very slightly contaminated, very quick
A: unfitting armour, see invisible, herbivore 3, speed 3, slow metabolism 2
a: Renounce Religion


You were on level 7 of the Dungeon.
You worshipped Vehumet.
Vehumet was aware of your devotion.
You were not hungry.

You visited 2 branches of the dungeon, and saw 8 of its levels.
You also visited: Ossuary.

You collected 401 gold pieces.

Inventory:

Hand Weapons
 u - a +0 blowgun
 A - a +2 dagger of electrocution (weapon)
Missiles
 b - 23 stones (quivered)
 v - 15 poisoned needles
Armour
 c - a +1 robe (worn)
Jewellery
 o - a +4 ring of slaying (left hand)
 p - an uncursed ring of flight
 C - a ring of stealth (right hand)
Wands
 w - a wand of flame (25/48)
Scrolls
 a - a scroll of fear
 g - a scroll of magic mapping {unknown}
 i - 3 scrolls of recharging
 j - 2 scrolls of amnesia
 n - 2 scrolls of immolation
 s - 2 scrolls of teleportation
 x - 4 scrolls of remove curse
 y - a scroll of vulnerability
 G - a scroll of fog
Potions
 f - a potion of might
 h - a potion of resistance
 l - a potion of cancellation {unknown}
 m - a potion of cure mutation {unknown}
 q - 2 potions of haste
 z - a potion of mutation
 B - a potion of flight {unknown}
 D - 3 potions of lignification {unknown}
 E - a potion of ambrosia {unknown}
Books
 e - a book of Geomancy

   Spells                             Type                      Level
   a - Sandblast                      Earth                        1
   b - Passwall                       Transmutation/Earth          2
   c - Stone Arrow                    Conjuration/Earth            3
   d - Petrify                        Transmutation/Earth          4
   e - Lee's Rapid Deconstruction     Earth                        5
 t - a book of Misfortune

   Spells                             Type                      Level
   a - Confusing Touch                Hexes                        1
   b - Confuse                        Hexes                        3
   c - Gell's Gravitas                Hexes/Translocation          3
   d - Petrify                        Transmutation/Earth          4
   e - Metabolic Englaciation         Hexes/Ice                    5
   f - Yara's Violent Unravelling     Hexes/Transmutation          5
Comestibles
 d - 5 bread rations


   Skills:
 - Level 2.1 Fighting
 - Level 2.0 Throwing
 - Level 8.0 Dodging
 - Level 5.0 Stealth
 + Level 9.4 Spellcasting
 - Level 2.0 Conjurations
 - Level 2.0 Transmutations
 + Level 7.7 Earth Magic


You had 16 spell levels left.
You knew the following spells:

 Your Spells              Type           Power        Failure   Level  Hunger
a - Sandblast             Erth           #####.       1%          1    None
b - Passwall              Tmut/Erth      ####......   1%          2    None
c - Stone Arrow           Conj/Erth      ####..       3%          3    None
d - Petrify               Tmut/Erth      ####....     12%         4    ###....


Dungeon Overview and Level Annotations

Branches:
Dungeon (7/15)             Temple (1/1) D:6

Altars:
Ashenzari
Cheibriados
Dithmenos
Elyvilon
Fedhas
Gozag
Hepliaklqana
Kikubaaqudgha
Makhleb
Nemelex Xobeh
Okawaru
Qazlal
Ru
Trog
Uskayaw
Vehumet
Yredelemnul
The Shining One


Innate Abilities, Weirdness & Mutations

You are very small and have problems with some larger weapons.
You are too small for most types of armour.
You have supernaturally acute eyesight. (SInv)
You are a herbivore.
You cover ground extremely quickly.
You need consume almost no food.


Message History

The killer bee closely misses you.
Casting: Stone Arrow
Confirm with . or Enter, or press ? or * to list all spells.
Aiming: Stone Arrow
Press: ? - help, Shift-Dir - straight line, f/p - killer bee
Aim: a killer bee The stone arrow hits the killer bee.
The killer bee is almost dead.
The killer bee misses you. The killer bee stings you.
* * * LOW HITPOINT WARNING * * *
Casting: Stone Arrow
Confirm with . or Enter, or press ? or * to list all spells.
Aiming: Stone Arrow
Press: ? - help, Shift-Dir - straight line, f/p - killer bee
Aim: a killer bee (almost dead)
You miscast Stone Arrow.
You are very lightly contaminated with residual magic.
You are showered with tiny particles of grit.
The killer bee closely misses you. The killer bee stings you.
You die...

...####.##.....####..._...##
#### #.##.##...##.........##
#.##.##............[...
#....##.....##.....##..
#....##....###..#..## ..#
#....####..##..###..##..#
#....#####.....###......
#....##..†####..#...#.# $.
#....##...@..#........# #.
#....##....y...#..#..# #.
#...)##......###.....## +.
#######...#...........# ##.
#########........(.#.##.# $.
#............#######.##.####.
#...........## ####..))..
#...........# #######
#####.........###


You could see a killer bee.

Vanquished Creatures
  Grinder (D:6)
  A wyvern (D:7)
  Menkaure (D:7)
  3 water moccasins
  An orc warrior (D:5)
  2 sky beasts (D:6)
  A phantom (D:5)
  An ogre (D:4)
  A centaur (D:6)
  An elf zombie (Ossuary)
  A bullfrog (D:6)
  A gnoll sergeant (D:7)
  A wyvern skeleton (D:7)
  2 scorpions
  3 killer bees (D:7)
  A crimson imp (D:5)
  2 human zombies (Ossuary)
  A jelly (D:6)
  4 bullfrog skeletons
  4 hounds
  A gnoll shaman (D:5)
  An orc priest (D:5)
  An iguana (D:6)
  Ijyb (D:3)
  7 orc wizards
  4 worker ants
  2 big kobold zombies (Ossuary)
  2 hound zombies (Ossuary)
  3 mummies (Ossuary)
  6 gnolls
  10 adders
  A shadow imp (D:5)
  2 oozes (D:1)
  5 adder zombies (Ossuary)
  2 adder skeletons (D:6)
  4 dart slugs
  5 worms
  8 leopard geckos
  7 orcs (D:3)
  2 ball pythons
  2 giant cockroaches
  7 goblins
  8 hobgoblins
  9 jackals
  5 quokkas
  6 bats
  5 frilled lizards
  2 goblin zombies (Ossuary)
  3 hobgoblin zombies (Ossuary)
  2 jackal zombies (Ossuary)
  6 kobolds
  3 kobold zombies (Ossuary)
  2 leopard gecko skeletons (D:5)
  An orc zombie (Ossuary)
  8 quokka zombies
  13 rats
  6 rat zombies (Ossuary)
195 creatures vanquished.

Notes
Turn   | Place    | Note
-------+----------+-------------------------------------------
     0 | D:1      | Reinor the Spriggan Earth Elementalist began the quest for the Orb.
     0 | D:1      | Reached XP level 1. HP: 9/9 MP: 5/5
   318 | D:1      | Reached XP level 2. HP: 8/13 MP: 2/6
   848 | D:1      | Reached skill level 3 in Spellcasting
  1194 | D:1      | Learned a level 2 spell: Passwall
  1230 | D:2      | Found a snail-covered altar of Cheibriados.
  1234 | D:2      | Reached XP level 3. HP: 13/16 MP: 2/8
  1795 | D:2      | Reached XP level 4. HP: 18/21 MP: 3/10
  2190 | D:3      | Noticed Ijyb
  2248 | D:3      | Killed Ijyb
  2324 | D:3      | Reached XP level 5. HP: 17/24 MP: 7/11
  2456 | D:3      | Reached skill level 5 in Stealth
  2740 | D:3      | Reached skill level 4 in Spellcasting
  2883 | D:3      | Found a sparkling altar of Nemelex Xobeh.
  3324 | D:4      | Reached skill level 5 in Dodging
  3455 | D:4      | Reached skill level 1 in Throwing
  3455 | D:4      | Reached XP level 6. HP: 10/28 MP: 4/13
  3658 | D:4      | Found a shattered altar of Ashenzari.
  4008 | D:5      | Entered Level 5 of the Dungeon
  4037 | D:5      | Reached XP level 7. HP: 23/32 MP: 12/15
  4202 | D:5      | Reached skill level 5 in Spellcasting
  4372 | D:5      | Learned a level 3 spell: Stone Arrow
  4377 | D:5      | Learned a level 4 spell: Petrify
  4453 | D:5      | Reached skill level 5 in Earth Magic
  4511 | D:5      | Found a glowing golden altar of the Shining One.
  4568 | D:5      | Found a shadowy altar of Dithmenos.
  5449 | D:6      | Found a staircase to the Ecumenical Temple.
  5461 | D:6      | Found a sand-covered staircase.
  5467 | Ossuary  | Entered an ossuary
  5894 | Ossuary  | Reached skill level 6 in Spellcasting
  6064 | Ossuary  | Reached XP level 8. HP: 33/36 MP: 0/18
  6688 | D:5      | Reached skill level 1 in Fighting
  6819 | D:6      | Reached skill level 7 in Spellcasting
  6819 | D:6      | Reached skill level 1 in Conjurations
  6834 | D:6      | Noticed Grinder
  7051 | Temple   | Entered the Ecumenical Temple
  7086 | Temple   | Became a worshipper of Vehumet
  7315 | D:6      | Found a faded altar of an unknown god.
  7315 | D:6      | Found a faded altar of an unknown god.
  7363 | D:6      | Found a faded altar of an unknown god.
  7365 | D:6      | Found a faded altar of an unknown god.
  7366 | D:6      | Found a bloodstained altar of Trog.
  7461 | D:6      | Killed Grinder
  7461 | D:6      | Reached skill level 8 in Spellcasting
  7461 | D:6      | Reached XP level 9. HP: 30/42 MP: 13/22
  7565 | D:7      | Noticed Menkaure
  7570 | D:7      | Killed Menkaure
  7625 | D:7      | Found a hide-covered altar of Uskayaw.
  7668 | D:7      | Found a shadowy altar of Dithmenos.
  7847 | D:7      | Reached skill level 9 in Spellcasting
  7861 | D:7      | Reached * piety under Vehumet
  7861 | D:7      | Offered knowledge of Freeze by Vehumet.
  7957 | D:7      | HP: 2/42 [killer bee (8)]
  7969 | D:7      | Slain by a killer bee

Skill      XL: |  1  2  3  4  5  6  7  8  9 |
---------------+----------------------------+-----
Spellcasting   | 3 4 6 8 9 |  9.4
Stealth        | 4 5 |  5.0
Earth Magic    | 3 4 5 6 7 |  7.7
Dodging        | 4 5 7 8 |  8.0
Transmutations | 2 |  2.0
Throwing       | 1 2 |  2.0
Fighting       | 2 |  2.1
Conjurations   | 2 |  2.0

Action                   |  1- 3 |  4- 6 |  7- 9 || total
-------------------------+-------+-------+-------++-------
Melee: Unarmed           |    12 |     3 |       ||    15
       Dagger            |       |    44 |    70 ||   114
 Fire: Blowgun           |       |    20 |    14 ||    34
 Cast: Sandblast         |    69 |   103 |   292 ||   464
       Stone Arrow       |       |       |     2 ||     2
  Use: Scroll            |     2 |     6 |     6 ||    14
       Potion            |       |     3 |     2 ||     5
 Stab: Sleeping          |     4 |     9 |     5 ||    18
  Eat: Royal jelly       |       |       |     2 ||     2
Armor: Robe              |     3 |     5 |    16 ||    24
Dodge: Dodged            |    41 |   102 |   259 ||   402
